 Dungeon Crawl Stone Soup version 0.30-a0-953-g5f1da4a474 (webtiles) character file.

Game seed: 17990605509377931286

3760 Firecrotchwizard the Skirmisher (level 9, -1/48 HPs)
             Began as a Deep Elf Hexslinger on Mar 29, 2023.
             Was an Elder of Okawaru.
             Slain by a yak (3 damage)
             ... on level 7 of the Dungeon.
             The game lasted 00:23:23 (8170 turns).

Firecrotchwizard the Skirmisher (DEHs)              Turns: 8170, Time: 00:23:24

Health: -1/48      AC:  8    Str:  7    XL:     9   Next: 94%
Magic:  23/23      EV: 17    Int: 21    God:    Okawaru [****..]
Gold:   422        SH:  0    Dex: 17    Spells: 21/25 levels left

rFire   + . .      SeeInvis +    a - +2 sling
rCold   . . .      Faith    .    (no shield)
rNeg    . . .      Spirit   .    A - +2 leather armour {rF+}
rPois   .          Reflect  .    r - +1 hat
rElec   .          Rampage  .    (no cloak)
rCorr   .                        l - +1 pair of gloves
Will    .....                    (no boots)
Stlth   +                        (no amulet)
HPRegen 0.28/turn                t - +5 ring of evasion
MPRegen 0.18/turn                V - ring of see invisible {sInv, !d}

@: no status effects
A: no striking features
a: Renounce Religion, Heroism, Finesse


You were on level 7 of the Dungeon.
You worshipped Okawaru.
Okawaru was greatly pleased with you.
You visited 2 branches of the dungeon, and saw 10 of its levels.

You collected 467 gold pieces.
You spent 45 gold pieces at shops.

Inventory:

Hand Weapons
 a - a +2 sling (weapon)
 e - a +0 shortbow
   (You took it off a centaur on level 7 of the Dungeon)
 m - a +1 spear of venom
   (You took it off a gnoll on level 8 of the Dungeon)
Missiles
 n - 6 boomerangs
 s - 82 stones
 z - 39 poisoned darts
Armour
 h - a +0 ring mail
   (You found it on level 1 of the Dungeon)
 j - a +0 robe
 l - a +1 pair of gloves (worn)
   (You found it on level 5 of the Dungeon)
 r - a +1 hat (worn)
   (You found it on level 2 of the Dungeon)
 A - a +2 leather armour of fire resistance (worn)
   (You found it on level 3 of the Dungeon)
 F - a +0 helmet
   (You bought it in a shop on level 3 of the Dungeon)
Magical Staves
 i - a staff of cold {rC+}
   (You found it on level 1 of the Dungeon)
Jewellery
 c - a ring of ice {rC+, rF-}
   (You found it on level 1 of the Dungeon)
 t - a +5 ring of evasion (left hand)
   (You found it on level 2 of the Dungeon)
 V - a ring of see invisible (right hand) {sInv, !d}
   (You found it on level 7 of the Dungeon)
Wands
 d - a wand of digging (7)
   (You took it off an orc on level 5 of the Dungeon)
 o - a wand of light (11)
   (You found it on level 5 of the Dungeon)
 p - a wand of paralysis (1)
   (You found it on level 2 of the Dungeon)
 q - a wand of flame (18)
   (You found it on level 3 of the Dungeon)
Scrolls
 b - 2 scrolls of poison {!r}
 k - 3 scrolls of fog
 E - 3 scrolls of fear
 X - a scroll of magic mapping {@r4!r}
 Y - 4 scrolls of teleportation {@r3}
Potions
 u - 2 potions of attraction {!q}
 w - a potion of might {unknown}
 B - 2 potions of brilliance
 C - a potion of lignification {unknown}
 G - a potion of ambrosia {!q}
 J - a potion of curing {@q1}
 L - 2 potions of flight
 T - 2 potions of berserk rage {!q}
 U - 2 potions of mutation {!q}


   Skills:
 + Level 2.1 Fighting
 * Level 13.0 Ranged Weapons
 + Level 2.4 Dodging
 - Level 8.5 Spellcasting
 - Level 5.1 Hexes
 - Level 6.3 Translocations
 + Level 4.2 Invocations


You had 21 spell levels left.
You knew the following spells:

 Your Spells              Type           Power      Damage    Failure   Level
a - Portal Projectile     Hex/Tloc       66%        N/A       3%          3
s - Slow                  Hex            100%       N/A       1%          1

Your spell library contained the following spells:

 Spells                   Type           Power      Damage    Failure   Level
 Ensorcelled Hibernation  Hex/Ice        38%        N/A       6%          2
 Beastly Appendage        Tmut           16%        N/A       12%         1
 Inner Flame              Hex/Fire       19%        N/A       12%         3
 Cause Fear               Hex            15%        N/A       14%         4
 Passwall                 Tmut/Erth      6%         N/A       17%         2
 Sublimation of Blood     Necr           8%         N/A       17%         2
 Wereblood                Tmut           8%         N/A       17%         2
 Spider Form              Tmut/Pois      8%         N/A       34%         3
 Swiftness                Air            8%         N/A       34%         3
 Airstrike                Air            4%         2d(1-17)  75%         4
 Petrify                  Tmut/Erth      8%         N/A       75%         4
 Irradiate                Conj/Tmut      4%         3d13      97%         5
 Plasma Beam              Fire/Air       4%         2x1d10    97%         5
 Summon Small Mammal      Summ           Unusable   N/A       N/A         1
 Summon Guardian Golem    Hex/Summ       Unusable   N/A       N/A         3
 Call Canine Familiar     Summ           Unusable   N/A       N/A         3
 Summon Lightning Spire   Summ/Air       Unusable   N/A       N/A         4

Dungeon Overview and Level Annotations

Branches:
Dungeon (9/15)             Temple (1/1) D:4
   Lair: D:8-11         Orc: D:9-12

Altars:
Ashenzari
Cheibriados
Elyvilon
Fedhas
Makhleb
Nemelex Xobeh
Okawaru
Ru
Uskayaw
Vehumet
Yredelemnul
The Shining One

Shops:
D:1 =   D:3 [

Annotations:
D:4 1 runed translucent door, Crazy Yiuf


Message History

You take 14 damage, and have 34/48 hp.
MASSIVE DAMAGE!!
The yak attacks as you move away! The yak barely misses you.
There is a stone staircase leading up here.
The yak gores you but does no damage.
You climb upwards.
There is a stone staircase leading down here.
Fire: a) +2 sling
Aim: a yak (heavily wounded, 82% to hit)
You magically shoot a sling bullet.
The sling bullet hits the yak.
The yak misses you.
You now have 13/23 mp.
Fire: a) +2 sling
Aim: a yak (heavily wounded, 82% to hit)
You magically shoot a sling bullet.
The sling bullet hits the yak.
The yak misses you.
You now have 12/23 mp.
Fire: a) +2 sling
Aim: a yak (severely wounded, 82% to hit)
You magically shoot a sling bullet.
The sling bullet hits the yak.
The yak completely misses you.
You now have 11/23 mp.
Fire: a) +2 sling
Aim: a yak (severely wounded, 82% to hit)
You magically shoot a sling bullet.
The sling bullet closely misses the yak.
The yak closely misses you.
Fire: a) +2 sling
Aim: a yak (severely wounded, 82% to hit)
You magically shoot a sling bullet.
The sling bullet hits the yak.
You now have 10/23 mp.
Fire: a) +2 sling
Aim: a yak (almost dead, 82% to hit)
You magically shoot a sling bullet.
The sling bullet hits the yak but does no damage.
The yak closely misses you.
You now have 9/23 mp.
Fire: a) +2 sling
Aim: a yak (almost dead, 82% to hit)
You magically shoot a sling bullet.
The sling bullet hits the yak.
You kill the yak!
Okawaru accepts your kill.
Your Fighting skill increases to level 2!
Your Ranged Weapons skill increases to level 13!
You now have 8/23 mp.
Fire: a) +2 sling
Okay, then.
You start resting.
You are no longer teleporting projectiles to their destination.
You start resting.
Health restored: 48; MP restored: 23 Unknown command.
You see here a +0 shortbow.
e - a +0 shortbow
e - a +0 shortbow (weapon)
Okay, then.
a - a +2 sling (weapon)
(D) Dungeon (T) Temple
Where to? (Enter - D:7 @ (x,y), ? - help)
There is a stone staircase leading down here.
You climb downwards.
The yak bellows!
The yak gores you but does no damage. The yak misses you.
The yak gores you but does no damage. The yak misses you.
There is a stone staircase leading up here.
The yak gores you! x2
You climb upwards.
There is a stone staircase leading down here.
You take 18 damage, and have 30/48 hp.
MASSIVE DAMAGE!!
Fire: a) +2 sling
Aim: a yak (76% to hit)
You shoot a sling bullet. The sling bullet hits the yak!
The yak gores you! The yak gores you but does no damage.
You take 9 damage, and have 21/48 hp.
Fire: a) +2 sling
Aim: a yak (moderately wounded, 76% to hit)
You shoot a sling bullet.
The sling bullet hits the yak but does no damage.
The yak completely misses you. The yak gores you.
You take 6 damage, and have 15/48 hp.
Fire: a) +2 sling
Aim: a yak (lightly wounded, 76% to hit)
You shoot a sling bullet.
The sling bullet closely misses the yak.
Fire: a) +2 sling
Aim: a yak (lightly wounded, 76% to hit)
You shoot a sling bullet.
The sling bullet closely misses the yak.
The yak gores you.
* * * LOW HITPOINT WARNING * * *
The yak gores you!
* * * LOW HITPOINT WARNING * * *
You take 13 damage, and have 2/48 hp.
MASSIVE DAMAGE!!
Fire: a) +2 sling
Aim: a yak (lightly wounded, 76% to hit)
You shoot a sling bullet. The sling bullet barely misses the yak.
The yak gores you.
You die...

#...................
#...................
#.[.................
#.....############'#
#.....#.......#....#
#.....#.......#....#
#.....#.......#....#
#.....#.......#....#
#.†@Y.+.......#....#
#..Y..#.......#....#
#.....#.......#....#
##########.....##'###########
#.......................#...#
#.......................#...'
#.......................#...#
#.......................'...#
#.......................#...#


You could see 2 yaks.

Vanquished Creatures
  Erica (D:8)
  Prince Ribbit (D:8)
  A shadow (D:8)
  A yak (D:7)
  2 black bears
  Duvessa (D:7)
  An ice beast (D:7)
  2 ogres
  A sky beast (D:7)
  A centaur (D:7)
  3 phantoms
  A kobold brigand (D:7)
  A bullfrog (D:7)
  Dowan (D:7)
  11 wights
  3 howler monkeys
  3 gnoll boudas
  3 orc priests (D:8)
  3 hounds
  A jelly (D:5)
  Natasha (thrice) (D:2)
  3 iguanas
  2 sleepcaps
  4 orc wizards
  13 gnolls
  6 adders
  2 white imps
  3 dart slugs
  16 orcs
  4 ball pythons
  6 bats
  3 endoplasms
  4 giant cockroaches
  A goblin (D:1)
  4 hobgoblins
  9 jackals
  9 kobolds
  2 quokkas
  2 frilled lizards (D:2)
  3 rats
141 creatures vanquished.

Vanquished Creatures (collateral kills)
  A hobgoblin (D:4)
  3 jackals (D:4)
  A ball python (D:4)
5 creatures vanquished.

Grand Total: 146 creatures vanquished

Notes
Turn   | Place    | Note
-------+----------+-------------------------------------------
     0 | D:1      | Firecrotchwizard the Deep Elf Hexslinger began the quest
                  | for the Orb.
     0 | D:1      | Reached XP level 1. HP: 11/11 MP: 5/5
    90 | D:1      | Reached skill level 3 in Ranged Weapons
   156 | D:1      | Reached skill level 2 in Spellcasting
   156 | D:1      | Reached XP level 2. HP: 12/16 MP: 7/7
   284 | D:1      | Found Dosueryt's Jewellery Shop.
   797 | D:2      | Reached XP level 3. HP: 20/20 MP: 8/8
  1118 | D:2      | Noticed Natasha
  1125 | D:2      | Killed Natasha
  1126 | D:2      | Reached skill level 4 in Ranged Weapons
  1168 | D:2      | Noticed Natasha
  1169 | D:2      | Killed Natasha
  1170 | D:2      | Reached skill level 3 in Spellcasting
  1170 | D:2      | Reached XP level 4. HP: 24/24 MP: 10/10
  1270 | D:2      | Noticed Natasha
  1273 | D:2      | Killed Natasha
  1274 | D:2      | Reached skill level 5 in Ranged Weapons
  1274 | D:2      | Reached skill level 5 in Hexes
  1878 | D:3      | Found Fenaur's Armour Emporium.
  1887 | D:3      | Bought a +0 helmet for 45 gold pieces
  2289 | D:4      | Reached XP level 5. HP: 28/28 MP: 12/12
  2427 | D:4      | Learned a level 3 spell: Portal Projectile
  2515 | D:4      | Found a staircase to the Ecumenical Temple.
  2533 | Temple   | Entered the Ecumenical Temple
  2538 | Temple   | Became a worshipper of Warmaster Okawaru
  2819 | D:4      | Found a runed translucent door.
  2820 | D:4      | Noticed Crazy Yiuf
  2957 | D:5      | Entered Level 5 of the Dungeon
  3068 | D:5      | Noticed a phantom
  3105 | D:5      | Reached skill level 1 in Translocations
  3122 | D:5      | Reached skill level 6 in Ranged Weapons
  3229 | D:5      | Reached skill level 4 in Spellcasting
  3350 | D:5      | Reached XP level 6. HP: 33/33 MP: 14/14
  3593 | D:5      | Paralysed by an orc wizard for 3 turns
  3599 | D:5      | Reached * piety under Okawaru
  3600 | D:5      | Reached skill level 2 in Translocations
  3634 | D:5      | Reached skill level 7 in Ranged Weapons
  3639 | D:5      | Reached XP level 7. HP: 15/37 MP: 14/16
  3744 | D:5      | Reached skill level 5 in Spellcasting
  3762 | D:5      | Reached skill level 3 in Translocations
  4191 | D:7      | Reached skill level 8 in Ranged Weapons
  4313 | D:7      | Reached ** piety under Okawaru
  4379 | D:7      | You fall into a shaft and drop 2 floors!
  4425 | D:8      | Reached skill level 6 in Spellcasting
  4520 | D:8      | Reached skill level 4 in Translocations
  4527 | D:8      | Reached skill level 9 in Ranged Weapons
  4527 | D:8      | Reached XP level 8. HP: 13/42 MP: 19/19
  5130 | D:7      | Noticed Duvessa
  5130 | D:7      | Noticed Dowan
  5138 | D:7      | Killed Duvessa
  5139 | D:7      | Reached skill level 10 in Ranged Weapons
  5142 | D:7      | Killed Dowan
  5143 | D:7      | Reached skill level 7 in Spellcasting
  5380 | D:7      | Reached skill level 5 in Translocations
  5626 | D:7      | Reached *** piety under Okawaru
  5848 | D:7      | HP: 9/42 [black bear (5)]
  5848 | D:7      | HP: 4/42 [black bear (5)]
  6062 | D:7      | Reached skill level 11 in Ranged Weapons
  6294 | D:8      | Reached skill level 1 in Invocations
  6317 | D:8      | Reached XP level 9. HP: 40/46 MP: 22/22
  6724 | D:8      | Noticed Erica
  6734 | D:8      | HP: 11/46 [poisoned by Erica (bolt of poison)]
  6739 | D:8      | HP: 6/46 [poisoned by Erica (bolt of poison)]
  6740 | D:8      | Killed Erica
  6741 | D:8      | Reached skill level 12 in Ranged Weapons
  6741 | D:8      | Reached skill level 8 in Spellcasting
  6741 | D:8      | Reached skill level 6 in Translocations
  6741 | D:8      | Reached skill level 2 in Invocations
  6920 | D:8      | Reached skill level 3 in Invocations
  7328 | D:8      | Reached skill level 1 in Fighting
  7438 | D:8      | Reached **** piety under Okawaru
  7584 | D:8      | Found a broken altar of Ashenzari.
  7587 | D:8      | Found a hide-covered altar of Uskayaw.
  7590 | D:8      | Found a glowing golden altar of the Shining One.
  7590 | D:8      | Found a blossoming altar of Fedhas.
  7590 | D:8      | Found a snail-covered altar of Cheibriados.
  7591 | D:8      | Found a white marble altar of Elyvilon.
  7675 | D:8      | Noticed Prince Ribbit
  7695 | D:8      | Killed Prince Ribbit
  7797 | D:8      | Found a radiant altar of Vehumet.
  7939 | D:9      | Reached skill level 4 in Invocations
  8060 | D:7      | Reached skill level 2 in Fighting
  8060 | D:7      | Reached skill level 13 in Ranged Weapons
  8169 | D:7      | HP: 2/48 [yak (12)]
  8170 | D:7      | Slain by a yak

Illustrated notes

Levels and vault maps discovered:
D:1:      beargit_arrival_diablo_church, layout_basic, serial_shops,
          nicolae_shop_waterfront
D:2:      layout_basic, chequers_serial_rivers_large_b, uniq_natasha
D:3:      layout_rooms, serial_shops, shop, minivault_4
D:4:      layout_loops_cross, minmay_temple_entry_offerings,
          portal_sewer_entry_d, uniq_crazy_yiuf_cottage
D:5:      layout_rooms
D:6:      layout_cave_pools
D:7:      layout_gridville, uniq_duvessa
D:8:      layout_loops_corners, grunt_temple_overflow_open, uniq_prince_ribbit1,
          uniq_erica
D:9:      layout_small_grid, amethyst_killhole,
          hellmonk_guarded_unrand_gyre_and_gimble
Temple:   hellmonk_temple_of_storms

Skill      XL: |  1  2  3  4  5  6  7  8  9 |
---------------+----------------------------+-----
Ranged Weapons | 3 4 5 6 7 9 11 13 | 13.0
Spellcasting   | 2 3 4 6 7 8 |  8.5
Hexes          | 5 |  5.1
Translocations | 1 2 4 5 6 |  6.3
Invocations    | 1 4 |  4.2
Fighting       | 2 |  2.1
Dodging        | |  2.4

Action                     |  1- 3 |  4- 6 |  7- 9 || total
---------------------------+-------+-------+-------++-------
  Melee: Sling             |       |     1 |       ||     1
         Spear             |       |       |    25 ||    25
   Fire: Sling             |    91 |   125 |   424 ||   640
   Cast: Portal Projectile |       |       |    11 ||    11
 Invoke: Heroism           |       |       |     1 ||     1
  Evoke: Wand              |     2 |    11 |    37 ||    50
    Use: Scroll            |       |     9 |     9 ||    18
         Potion            |       |     1 |       ||     1
 Armour: Robe              |    11 |       |       ||    11
         Leather armour    |       |    15 |    63 ||    78
  Dodge: Dodged            |    41 |    49 |   219 ||   309

Table legend: (Time is in decaauts)
 A = Elapsed time spent in this place.
 B = Non-inter-level travel time spent in this place.
 C = Inter-level travel time spent in this place.
 D = Time resting spent in this place.
 E = Time spent auto-exploring this place.
 F = Levels seen in this place.
 G = Mean time per level.
                   A        B        C        D        E       F      G
               +--------+--------+--------+--------+--------+-----+--------+
         Total |   8217 |   7839 |    378 |   2071 |   4441 |  10 |  821.7 |
       Dungeon |   8206 |   7833 |    373 |   2071 |   4441 |   9 |  911.8 |
        Temple |     10 |      5 |      5 |      0 |      0 |   1 |   10.0 |
               +--------+--------+--------+--------+--------+-----+--------+

Top non-repeatable levels by time:
     D:8: 1832 daAuts
     D:7: 1415 daAuts
     D:2: 1058 daAuts
     D:5: 975 daAuts
     D:4: 922 daAuts
     D:1: 664 daAuts
     D:6: 546 daAuts
     D:3: 524 daAuts
     D:9: 267 daAuts
  Temple: 10 daAuts

Table legend:
 A = Kills in this place as a percentage of kills in the entire game.
 B = Kills by you in this place as a percentage of kills by you in the entire game.
 C = Kills by friends in this place as a percentage of kills by friends in the entire game.
 D = Other kills in this place as a percentage of other kills in the entire game.
 E = Experience gained in this place as a percentage of experience gained in the entire game.
 F = Experience gained in this place divided by the number of levels of this place that you have seen.
                   A       B       C       D       E      F
               +-------+-------+-------+-------+-------+----------------------
         Total | 100.0 | 100.0 | 100.0 |   N/A | 100.0 | 537.2
       Dungeon | 100.0 | 100.0 | 100.0 |   N/A | 100.0 | 596.9
               +-------+-------+-------+-------+-------+----------------------
